Map: Vaani Research Station (Void)

Players

killerpomo

  • Race: Zerg Zerg
  • League: Diamond
  • Spawn Location: 6:00

Musumeci - Winner!

  • Race: Zerg Zerg
  • League: Diamond
  • Spawn Location: 12:00

VOD

Have the link to the VOD?

Description

Time

  • Played on: Dec. 22, 2016, 5:38 p.m.
  • Length: 5:23
Show
View Real Time Build Order
Export as new Build Order

killerpomo Zerg 

Build Orders: Pool First 

Get SALT Encoding   

  12  0:01  Drone  
  13  0:14  Overlord  
  13  0:19  Drone  
  14  0:33  Drone x2  
  16  0:37  Drone  
  17  0:47  Spawning Pool  
  16  0:51  Drone  
  17  1:13  Hatchery  
  16  1:35  Queen, Zergling x6  
  21  1:46  Drone  
  22  1:49  Extractor  
  21  1:58  Overlord  
  22  2:04  Extractor  
  21  2:10  Overlord  
  21  2:15  Queen  
  21  2:19  Spine Crawler  
  21  2:20  Drone  
  23  2:35  Queen  
  23  2:36  Drone  
  27  2:37  Drone  
  27  2:38  Drone  
  28  2:45  Drone x2  
  30  2:56  Drone  
  30  2:57  Drone x2  
  33  3:03  Metabolic Boost  
  33  3:06  Drone  
  33  3:11  Drone  
  35  3:19  Drone x3  
  38  3:22  Drone  
  39  3:29  Baneling Nest  
  39  3:30  Drone  
  39  3:31  Drone  
  40  3:35  Drone  
  40  3:37  Drone  
  40  3:40  Overlord  
  42  3:44  Overlord  
  42  3:55  Overlord x2  
  42  4:01  Extractor  
  42  4:02  Extractor, Roach Warren  
  39  4:03  Drone  
  37  4:10  Zergling x8  
  37  4:16  Zergling x4  
  32  4:23  Zergling x4  
  20  4:32  Zergling x2  
  14  4:46  Drone  
  14  4:50  Drone  
  16  4:57  Baneling x2  
  10  5:05  Zergling x2  
Show
View Real Time Build Order
Export as new Build Order

Musumeci Zerg - Winner!

Build Orders: Hatch First 

Get SALT Encoding   

  12  0:03  Drone  
  13  0:10  Drone  
  14  0:17  Overlord  
  14  0:21  Extractor  
  14  0:24  Drone  
  15  0:37  Drone  
  15  0:38  Drone  
  17  0:55  Hatchery  
  16  1:00  Drone  
  17  1:05  Extractor  
  16  1:15  Spawning Pool  
  15  1:23  Drone  
  15  1:24  Drone  
  17  1:44  Drone  
  17  1:45  Overlord  
  18  1:57  Evolution Chamber  
  17  2:02  Zergling x4  
  17  2:03  Queen  
  21  2:08  Zergling x2  
  22  2:16  Metabolic Boost  
  22  2:19  Zergling x2  
  23  2:35  Zergling x8  
  27  2:46  Queen  
  29  3:06  Zergling x2  
  29  3:07  Zergling x10  
  35  3:13  Overlord  
  35  3:20  Drone  
  35  3:25  Baneling Nest  
  35  3:34  Zergling x4  
  35  3:40  Evolution Chamber  
  36  4:00  Zergling x2  
  36  4:01  Zergling x8  
  37  4:18  Zergling x8  
  39  4:29  Zergling x6  
  38  4:37  Baneling x4  
  30  4:59  Zergling x12  
Tags
 
Add a new tag
Caveats
  • Supply blocks, unpowered buildings, or Contaminate may cause inaccurate times.
  • Supply counts are checked every 10 seconds.